 Dungeon Sprint DCSS version 0.29.1-13-g9f3cf754e1 (webtiles) character file.

Game seed: 12708068837181648533

232029 theswoord the Conqueror (level 16, 0/183 HPs)
             Began as a Demonspawn Gladiator on Jan 26, 2023.
             Was a Priest of Uskayaw.
             Slain by Mennas
             ... wielding a +0 sacred scourge of holy wrath
              (15 damage)
             ... in the Dungeon (Sprint IX: "|||||||||||||||||||||||||||||").
             The game lasted 00:24:56 (6286 turns).

theswoord the Conqueror (Demonspawn Gladiator)      Turns: 6286, Time: 00:24:57

Health: 0/183      AC: 21    Str: 22    XL:     16   Next: 91%
Magic:  37/37      EV: 25    Int:  9    God:    Uskayaw [***...]
Gold:   158        SH: 35    Dex: 15    Spells: 15/15 levels left

rFire   . . .      SeeInvis .   r - +9 morningstar (vamp)
rCold   . . .      Faith    .   Q - +4 tower shield
rNeg    . . .      Spirit   .   T - +5 leather armour "Capiohel" {+Inv Dex-5 Slay+6}
rPois   .          Reflect  .   (helmet restricted)
rElec   .          Harm     .   L - +1 cloak
rCorr   .          Rampage  .   J - +0 pair of gloves {Stlth+}
Will    +....      NoTele   +   x - +0 pair of boots
Stlth   +.........              H - amulet of regeneration
HPRegen 1.20/turn               I - +4 ring of protection
MPRegen 0.25/turn               y - ring of the Median {MP+9 EV+4}

@: on berserk cooldown, slowed, glowing, silenced, very slow
A: antennae 1, large bone plates 3, robust 1, spiny 3, condensation shield,
agile 1, strong 1
}: 5/17 runes: decaying, serpentine, barnacled, silver, gossamer
a: Renounce Religion, Evoke Invisibility


You were in the Dungeon.
You worshipped Uskayaw.
Uskayaw was most pleased with you.
You visited 1 branch You collected 1260 gold pieces.
You spent 1102 gold pieces at shops.

Inventory:

Hand Weapons
 a - a +0 quarterstaff
 r - a +9 vampiric morningstar (weapon)
 w - a +1 vampiric whip
 B - a +2 vampiric lajatang
 D - a +5 demon whip of pain
Missiles
 e - 6 javelins (quivered)
 h - 4 curare-tipped darts
 A - 2 silver javelins
Armour
 b - a +0 leather armour
 c - a +0 helmet
 m - a +0 cloak
 n - a +0 cloak
 o - a +1 scale mail
 x - a +0 pair of boots (worn)
 C - a +0 kite shield of reflection
 E - +1 ice dragon scales
 F - a +6 plate armour of cold resistance
 J - a +0 pair of gloves of stealth (worn)
 K - a +3 plate armour of willpower
 L - a +1 cloak (worn)
 Q - a +4 tower shield (worn)
 T - the +5 leather armour "Capiohel" (worn) {+Inv Dex-5 Slay+6}
   (You found it in the Dungeon)

   Dex:       It affects your dexterity (-5).
   Slay:      It affects your accuracy & damage with ranged weapons and melee
   (+6).
   +Inv:      It lets you turn invisible.
Jewellery
 p - a +2 ring of protection
 q - a +2 ring of evasion
 y - the ring of the Median (right hand) {MP+9 EV+4}
   (You bought it in a shop in the Dungeon)

   [ring of evasion]

   EV:        It affects your evasion (+4).
   MP:        It affects your magic capacity (+9).
 G - a +6 ring of dexterity
 H - an amulet of regeneration (around neck)
 I - a +4 ring of protection (left hand)
Wands
 l - a wand of roots (10)
 u - a wand of mindburst (17)
Scrolls
 j - 3 scrolls of amnesia
 k - a scroll of blinking
 s - 6 scrolls of identify
 t - a scroll of butterflies
 O - 3 scrolls of enchant weapon
 P - 2 scrolls of fear
Potions
 f - 10 potions of curing
 g - 6 potions of heal wounds
 i - 4 potions of magic
 z - 2 potions of flight {unknown}
 M - a potion of brilliance
 R - a potion of degeneration {unknown}
Miscellaneous
 v - a lightning rod (4/4)
 S - a condenser vane


   Skills:
 O Level 27 Fighting
 + Level 23.1(24.0) Maces & Flails
 - Level 12.1(19.0) Staves
 - Level 1.7 Throwing
 + Level 21.2 Armour
 + Level 21.4 Dodging
 - Level 16.0 Shields
 - Level 17.6 Invocations


You had 15 spell levels left.
You didn't know any spells.
Your spell library contained the following spells:

 Spells                   Type           Power      Damage    Failure   Level
 Call Imp                 Summ           0%         N/A       91%         2
 Animate Armour           Summ/Erth      0%         N/A       100%        4
 Malign Gateway           Summ/Tloc      0%         N/A       100%        7
 Spellforged Servitor     Conj/Summ      0%         N/A       100%        7


Dungeon Overview and Level Annotations

Branches:
Dungeon (1/1)

Altars:
Cheibriados
Dithmenos
Fedhas
Gozag
Hepliaklqana
Kikubaaqudgha
Makhleb
Nemelex Xobeh
Okawaru
Qazlal
Ru
Sif Muna
Trog
Uskayaw
Vehumet
Wu Jian
Xom
Yredelemnul
Jiyva
Lugonu

Shops:
D (=!*

Annotations:
D Mennas


Innate Abilities, Weirdness & Mutations

You have a pair of small antennae on your head.
You are completely covered in large bone plates. (SH +8)
You are robust. (+10% HP)
You are completely covered in sharp spines.
A meltable shield of frost defends you. (SH +4)
You are agile. (Dex +4, Str/Int -1)
Your muscles are strong. (Str +4, Int/Dex -1)


Message History

Mennas blocks your attack.
Mennas is lightly wounded.
You block Mennas's attack.
Mennas hits you with a +0 sacred scourge of holy wrath.
* * * LOW HITPOINT WARNING * * *
You convulse!
* * * LOW HITPOINT WARNING * * *
Mennas blocks your attack.
Mennas is lightly wounded.
You block Mennas's attack.
Mennas hits you with a +0 sacred scourge of holy wrath.
* * * LOW HITPOINT WARNING * * *
You convulse.
* * * LOW HITPOINT WARNING * * *
Mennas blocks your attack.
Mennas is lightly wounded.
Mennas is struck by your spines.
Mennas hits you with a +0 sacred scourge of holy wrath.
* * * LOW HITPOINT WARNING * * *
You convulse!
* * * LOW HITPOINT WARNING * * *
You block Mennas's attack.
Uskayaw will force your foes to helplessly watch your dance.
Mennas blocks your attack.
Mennas is lightly wounded.
Unknown command.
You miss Mennas.
Mennas is lightly wounded.
You are no longer berserk.
You are exhausted.
You feel yourself slow down. You block Mennas's attack. x2
You thump Mennas!
Mennas is moderately wounded.
Mennas hits you with a +0 sacred scourge of holy wrath!
* * * LOW HITPOINT WARNING * * *
You convulse!
* * * LOW HITPOINT WARNING * * *
You block Mennas's attack. x2
Mennas hits you with a +0 sacred scourge of holy wrath!
You die...

▓▓▓▓▓▓▓▓▓▓▓▓▓▓▓▓▓▓▓▓▓▓
▓........@A..........(
▓.▓▓▓▓▓▓▓▓▓▓▓▓▓▓▓▓▓▓▓▓▓▓▓▓
▓...')..†.))†)+[...))(....
▓▓▓▓▓▓▓▓▓▓▓▓▓▓▓▓▓▓▓▓▓▓▓▓▓▓
▓....)))..................
▓.▓▓▓▓▓▓▓▓▓▓▓▓▓▓▓▓▓▓▓▓▓▓▓▓
▓....'........))))~)~..)..
▓▓▓▓▓▓▓▓▓▓▓▓▓▓▓▓▓▓▓▓▓▓▓▓▓▓
▓.........................


You could see Mennas (silencing).

Vanquished Creatures
  Mara (D)
  Margery (D)
  Frederick (D)
  Saint Roka (D)
  Jory (D)
  2 Orb Guardians (D)
  3 titans (D)
  A deep elf blademaster (D)
  Agnes (D)
  5 shadow dragons (D)
  Kirke (D)
  Donald (D)
  A fire giant (D)
  9 nagarajas (D)
  2 emperor scorpions (D)
  2 frost giants (D)
  3 vault wardens (D)
  A deep elf sorcerer (D)
  5 ghost moths (D)
  3 ironbound preservers (D)
  A spriggan defender (D)
  An ironbound thunderhulk (D)
  5 very ugly things (D)
  9 stone giants (D)
  A vampire knight (D)
  2 eleionomae (D)
  A dire elephant (D)
  An entropy weaver (D)
  4 merfolk javelineers (D)
  Azrael (D)
  2 bunyips (D)
  4 merfolk impalers (D)
  A mummy priest (D)
  A deep elf high priest (D)
  2 fire dragons (D)
  An ettin (D)
  2 yaktaur captains (D)
  25 vault guards (D)
  Erolcha (D)
  6 hydras (D)
  3 ice dragons (D)
  3 ogre magi (D)
  A peacekeeper (D)
  An ironbound frostheart (D)
  A merfolk avatar (D)
  2 centaur warriors (D)
  A merfolk aquamancer (D)
  2 radroaches (D)
  A deep troll earth mage (D)
  A two-headed ogre (D)
  A naga warrior (D)
  A tengu warrior (D)
  3 orc high priests (D)
  5 hell knights (D)
  A pharaoh ant (D)
  2 spriggan druids (D)
  2 goliath frogs (D)
  A sea snake (D)
  An orb spider (D)
  3 ironbound convokers (D)
  9 swamp dragons (D)
  A naga ritualist (D)
  A steelbarb worm (D)
  3 phantasmal warriors (D)
  2 lindwurms (D)
  6 orc knights (D)
  A deep elf pyromancer (D)
  2 ugly things (D)
  An orc sorcerer (D)
  A cyclops (D)
  5 moths of wrath (D)
  3 manticores (D)
  A salamander (D)
  A merfolk siren (D)
  3 vault sentinels (D)
  2 cane toads (D)
  7 black mambas (D)
  Joseph (D)
  2 naga magi (D)
  An elephant (D)
  2 guardian serpents (D)
  2 komodo dragons (D)
  A demonic crawler (D)
  2 tengu conjurers (D)
  A guardian mummy (D)
  3 merfolk (D)
  2 trolls (D)
  A tyrant leech (D)
  A tarantella (D)
  4 slime creatures (D)
  4 blink frogs (D)
  A shadow (D)
  A water elemental (D)
  A hog (D)
  A redback (D)
  A wyvern (D)
  2 fire elementals (D)
  4 vampire mosquitoes (D)
  2 nagas (D)
  An acid dragon (D)
  3 hell hounds (D)
  4 water moccasins (D)
  A floating eye (D)
  15 orc warriors (D)
  A boggart (D)
  A wolf (D)
  A phantom (D)
  A kobold brigand (D)
  4 bullfrogs (D)
  A scorpion (D)
  3 howler monkeys (D)
  A gnoll bouda (D)
  4 orc priests (D)
  A hound (D)
  6 orc wizards (D)
  12 orcs (D)
  An endoplasm (D)
  2 kobolds (D)
  A frilled lizard (D)
  A rat (D)
306 creatures vanquished.

Vanquished Creatures (others)
  Ilsuiw (D)
  A merfolk aquamancer (D)
  2 humans (D)
4 creatures vanquished.

Grand Total: 310 creatures vanquished

Notes
Turn   | Place    | Note
-------+----------+-------------------------------------------
     0 | D        | theswoord the Demonspawn Gladiator began the quest for the
                  | Orb.
     0 | D        | Reached XP level 1. HP: 16/16 MP: 1/1
    15 | D        | Reached skill level 3 in Fighting
   123 | D        | Noticed a hound
   123 | D        | Noticed a scorpion
   123 | D        | Noticed an orc wizard
   123 | D        | Noticed a phantom
   123 | D        | Noticed a howler monkey
   134 | D        | Killed a howler monkey
   135 | D        | Reached skill level 5 in Fighting
   135 | D        | Reached skill level 5 in Staves
   135 | D        | Gained mutation: You are partially covered in large bone
                  | plates. (SH +4) [demonic ancestry]
   135 | D        | Reached XP level 2. HP: 11/27 MP: 2/2
   135 | D        | Gained mutation: You are partially covered in sharp spines.
                  | [demonic ancestry]
   135 | D        | Reached XP level 3. HP: 14/33 MP: 3/3
   140 | D        | Killed a phantom
   141 | D        | Reached skill level 6 in Fighting
   141 | D        | Gained mutation: You are mostly covered in large bone
                  | plates. (SH +6) [demonic ancestry]
   141 | D        | Reached XP level 4. HP: 22/41 MP: 4/4
   144 | D        | Reached skill level 7 in Fighting
   144 | D        | Reached XP level 5. HP: 17/48 MP: 5/5
   147 | D        | Reached skill level 8 in Fighting
   399 | D        | Found a snail-covered altar of Cheibriados.
   399 | D        | Found a shadowy altar of Dithmenos.
   399 | D        | Found a blossoming altar of Fedhas.
   399 | D        | Found an opulent altar of Gozag.
   400 | D        | Found a hazy altar of Hepliaklqana.
   401 | D        | Found a viscous altar of Jiyva.
   402 | D        | Found an ancient bone altar of Kikubaaqudgha.
   403 | D        | Found a corrupted altar of Lugonu.
   404 | D        | Found a burning altar of Makhleb.
   405 | D        | Found a sparkling altar of Nemelex Xobeh.
   406 | D        | Found an iron altar of Okawaru.
   407 | D        | Found a stormy altar of Qazlal.
   408 | D        | Found a sacrificial altar of Ru.
   409 | D        | Found a shimmering blue altar of Sif Muna.
   410 | D        | Found a bloodstained altar of Trog.
   411 | D        | Found a hide-covered altar of Uskayaw.
   412 | D        | Found a radiant altar of Vehumet.
   413 | D        | Found an ornate altar of the Wu Jian Council.
   414 | D        | Found a shimmering altar of Xom.
   415 | D        | Found a basalt altar of Yredelemnul.
   419 | D        | Became a worshipper of Uskayaw the Reveller
   475 | D        | Noticed a shadow
   475 | D        | Noticed a two-headed ogre
   475 | D        | Noticed a vampire mosquito
   477 | D        | Reached * piety under Uskayaw
   478 | D        | Reached XP level 6. HP: 57/57 MP: 5/7
   482 | D        | Reached ** piety under Uskayaw
   484 | D        | Reached skill level 9 in Fighting
   488 | D        | Reached *** piety under Uskayaw
   492 | D        | Reached skill level 5 in Invocations
   494 | D        | Reached **** piety under Uskayaw
   495 | D        | Killed a vampire mosquito
   496 | D        | Reached skill level 10 in Fighting
   496 | D        | Reached ***** piety under Uskayaw
   503 | D        | Killed a two-headed ogre
   504 | D        | Reached skill level 11 in Fighting
   504 | D        | Reached skill level 10 in Staves
   504 | D        | Reached skill level 10 in Invocations
   504 | D        | Gained mutation: You are completely covered in large bone
                  | plates. (SH +8) [demonic ancestry]
   504 | D        | Reached XP level 7. HP: 22/68 MP: 8/14
   504 | D        | Gained mutation: A meltable shield of frost defends you.
                  | (SH +4) [demonic ancestry]
   504 | D        | Reached XP level 8. HP: 25/75 MP: 8/15
   737 | D        | Noticed a slime creature
   737 | D        | Noticed a troll
   737 | D        | Noticed a troll
   742 | D        | Killed a troll
   743 | D        | Reached skill level 12 in Fighting
   750 | D        | Killed a troll
   753 | D        | Killed a slime creature
   754 | D        | Reached XP level 9. HP: 54/84 MP: 16/18
   759 | D        | Reached ****** piety under Uskayaw
   762 | D        | Reached skill level 13 in Fighting
   999 | D        | Noticed a komodo dragon
  1004 | D        | Noticed a black mamba
  1009 | D        | Reached skill level 1 in Maces & Flails
  1009 | D        | Reached skill level 1 in Armour
  1013 | D        | Killed a komodo dragon
  1014 | D        | Noticed a black mamba
  1017 | D        | Killed a black mamba
  1023 | D        | Killed a black mamba
  1030 | D        | Reached skill level 5 in Dodging
  1365 | D        | Noticed a cane toad
  1365 | D        | Noticed a five-headed hydra
  1365 | D        | Noticed a black mamba
  1369 | D        | Noticed an elephant
  1374 | D        | Killed a five-headed hydra
  1375 | D        | Reached skill level 14 in Fighting
  1375 | D        | Gained mutation: You are mostly covered in sharp spines.
                  | [demonic ancestry]
  1375 | D        | Reached XP level 10. HP: 94/94 MP: 20/20
  1377 | D        | Killed a black mamba
  1378 | D        | Reached skill level 5 in Maces & Flails
  1378 | D        | Reached skill level 5 in Armour
  1381 | D        | Killed a cane toad
  1381 | D        | Noticed a cane toad
  1383 | D        | Killed an elephant
  1384 | D        | Reached skill level 15 in Invocations
  1392 | D        | Killed a cane toad
  1614 | D        | Noticed Erolcha
  1627 | D        | HP: 2/95 [something (31)]
  1633 | D        | Killed Erolcha
  1634 | D        | Reached skill level 15 in Fighting
  1896 | D        | Reached XP level 11. HP: 95/102 MP: 23/23
  1943 | D        | Noticed an orc sorcerer
  1953 | D        | Killed an orc sorcerer
  1994 | D        | Found Moadghuen's Assorted Antiques.
  1994 | D        | Noticed an orc knight
  1994 | D        | Noticed an orc knight
  1995 | D        | Noticed an orc knight
  2007 | D        | Killed an orc knight
  2018 | D        | Killed an orc knight
  2031 | D        | Killed an orc knight
  2033 | D        | Found Senyigon's Distillery.
  2036 | D        | Found Utol's Jewellery Boutique.
  2268 | D        | Found Dysm's Antique Weapon Shop.
  2271 | D        | Noticed an orc high priest
  2272 | D        | Noticed an orc high priest
  2273 | D        | Noticed an orc knight
  2276 | D        | Noticed an orc high priest
  2281 | D        | Noticed a sixfirhy
  2288 | D        | Killed an orc high priest
  2295 | D        | Killed an orc high priest
  2295 | D        | Killed an orc high priest
  2296 | D        | Reached skill level 16 in Fighting
  2303 | D        | Killed an orc knight
  2310 | D        | Bought the ring of the Median {MP+9 EV+4} for 742 gold
                  | pieces
  2320 | D        | Bought a potion of might for 44 gold pieces
  2320 | D        | Bought a potion of curing for 33 gold pieces
  2320 | D        | Bought a potion of heal wounds for 55 gold pieces
  2320 | D        | Bought a potion of heal wounds for 55 gold pieces
  2320 | D        | Bought a potion of attraction for 33 gold pieces
  2322 | D        | Bought a potion of heal wounds for 140 gold pieces
  2922 | D        | Gained mutation: You are agile. (Dex +4, Str/Int -1)
                  | [potion of mutation]
  2922 | D        | Gained mutation: Your muscles are strong. (Str +4, Int/Dex
                  | -1) [potion of mutation]
  2960 | D        | Noticed a deep elf pyromancer
  2960 | D        | Noticed a centaur warrior
  2960 | D        | Noticed an ogre mage
  2960 | D        | Noticed an orc knight
  2966 | D        | Noticed an ogre mage
  2979 | D        | Killed an orc knight
  2994 | D        | Killed an ogre mage
  2995 | D        | Reached skill level 10 in Maces & Flails
  2997 | D        | Killed a deep elf pyromancer
  2997 | D        | Paralysed by a floating eye for 2 turns
  2999 | D        | Noticed a tengu warrior
  3001 | D        | Noticed a cyan ugly thing
  3001 | D        | Noticed a stone giant
  3004 | D        | Killed a centaur warrior
  3005 | D        | Gained mutation: You are completely covered in sharp
                  | spines. [demonic ancestry]
  3005 | D        | Reached XP level 12. HP: 104/113 MP: 24/24
  3008 | D        | Killed an ogre mage
  3008 | D        | Paralysed by a floating eye for 4 turns
  3009 | D        | Reached skill level 17 in Fighting
  3017 | D        | Killed a tengu warrior
  3018 | D        | Noticed an ettin
  3020 | D        | Noticed a stone giant
  3029 | D        | Noticed an ice dragon
  3037 | D        | Killed a stone giant
  3056 | D        | Killed a stone giant
  3059 | D        | Killed an ettin
  3061 | D        | Killed an ice dragon
  3322 | D        | Noticed Joseph
  3336 | D        | Killed Joseph
  3359 | D        | Noticed a five-headed hydra
  3359 | D        | Noticed an eleionoma
  3359 | D        | Noticed a bunyip
  3359 | D        | Noticed a bunyip
  3366 | D        | Killed a bunyip
  3367 | D        | Reached skill level 18 in Fighting
  3373 | D        | Noticed an eleionoma
  3375 | D        | Killed an eleionoma
  3383 | D        | Killed a bunyip
  3384 | D        | Reached skill level 15 in Maces & Flails
  3394 | D        | Killed an eleionoma
  3396 | D        | Killed a five-headed hydra
  3403 | D        | Reached skill level 19 in Fighting
  3533 | D        | Noticed a radroach
  3533 | D        | Noticed a radroach
  3539 | D        | Killed a ghost moth
  3540 | D        | Reached XP level 13. HP: 117/125 MP: 17/25
  3811 | D        | Reached skill level 10 in Dodging
  3827 | D        | Reached skill level 10 in Armour
  3840 | D        | Noticed a nagaraja
  3844 | D        | Noticed a nagaraja
  3862 | D        | Killed a nagaraja
  3865 | D        | Killed a nagaraja
  3866 | D        | Reached skill level 20 in Fighting
  4155 | D        | Noticed Donald
  4159 | D        | Noticed Agnes
  4165 | D        | Killed Donald
  4170 | D        | Killed Agnes
  4255 | D        | Noticed Saint Roka
  4275 | D        | Killed Saint Roka
  4276 | D        | Reached skill level 5 in Shields
  4443 | D        | Noticed a spriggan defender
  4443 | D        | Noticed a fire giant
  4443 | D        | Noticed a stone giant
  4445 | D        | Noticed a frost giant
  4464 | D        | Killed a fire giant
  4465 | D        | Noticed a fire dragon
  4467 | D        | Noticed a white very ugly thing
  4471 | D        | Killed a stone giant
  4472 | D        | Reached skill level 10 in Shields
  4473 | D        | Killed a spriggan defender
  4474 | D        | Reached XP level 14. HP: 134/135 MP: 26/26
  4477 | D        | Noticed a cyan very ugly thing
  4481 | D        | Killed a frost giant
  4483 | D        | Noticed a stone giant
  4487 | D        | Noticed a stone giant
  4488 | D        | Killed a cyan very ugly thing
  4493 | D        | Noticed a cyan very ugly thing
  4494 | D        | Noticed a green very ugly thing
  4497 | D        | Killed a cyan very ugly thing
  4524 | D        | Killed a brown very ugly thing
  4524 | D        | Killed a stone giant
  4525 | D        | Killed a cyan very ugly thing
  4526 | D        | Killed a stone giant
  4527 | D        | Reached skill level 15 in Shields
  4556 | D        | Noticed a vault warden
  4556 | D        | Noticed an ironbound preserver
  4558 | D        | Noticed an ironbound preserver
  4572 | D        | Noticed an ironbound preserver
  4573 | D        | Killed an ironbound preserver
  4581 | D        | Killed a vault warden
  4581 | D        | Killed an ironbound preserver
  4584 | D        | Killed an ironbound preserver
  4590 | D        | Noticed a vault warden
  4592 | D        | Noticed a deep elf blademaster
  4592 | D        | Noticed a deep elf sorcerer
  4600 | D        | Killed a deep elf blademaster
  4608 | D        | Killed a deep elf sorcerer
  4610 | D        | Reached skill level 21 in Fighting
  4617 | D        | Killed a vault warden
  4617 | D        | Noticed an ironbound thunderhulk
  4634 | D        | Killed an ironbound thunderhulk
  4739 | D        | Noticed Azrael
  4751 | D        | Killed Azrael
  4766 | D        | Noticed Kirke
  4777 | D        | Killed Kirke
  5032 | D        | Noticed Mara
  5043 | D        | Noticed theswoord's illusion
  5049 | D        | Killed Mara
  5050 | D        | Reached skill level 22 in Fighting
  5050 | D        | Reached skill level 15 in Dodging
  5157 | D        | Gained mutation: You have a pair of small antennae on your
                  | head. [demonic ancestry]
  5157 | D        | Reached XP level 15. HP: 145/146 MP: 27/27
  5163 | D        | Reached skill level 15 in Armour
  5328 | D        | Got a decaying rune of Zot
  5335 | D        | Noticed an emperor scorpion
  5354 | D        | Killed an emperor scorpion
  5355 | D        | Noticed an emperor scorpion
  5389 | D        | Killed an emperor scorpion
  5390 | D        | Reached skill level 23 in Fighting
  5398 | D        | Got a gossamer rune of Zot
  5538 | D        | Noticed a nagaraja
  5538 | D        | Noticed a nagaraja
  5539 | D        | Noticed a nagaraja
  5546 | D        | Killed a nagaraja
  5547 | D        | Noticed a nagaraja
  5552 | D        | Killed a nagaraja
  5553 | D        | Noticed a nagaraja
  5557 | D        | Killed a nagaraja
  5561 | D        | Killed a nagaraja
  5567 | D        | Noticed a nagaraja
  5572 | D        | Killed a nagaraja
  5572 | D        | Noticed a nagaraja
  5584 | D        | Killed a nagaraja
  5591 | D        | Killed a nagaraja
  5614 | D        | Got a serpentine rune of Zot
  5634 | D        | Noticed Ilsuiw
  5664 | D        | Killed Ilsuiw
  5688 | D        | Reached skill level 24 in Fighting
  5698 | D        | Got a barnacled rune of Zot
  5713 | D        | Noticed Margery
  5715 | D        | Noticed Frederick
  5742 | D        | Killed Margery
  5753 | D        | Killed Frederick
  5852 | D        | Gained mutation: You are robust. (+10% HP) [demonic
                  | ancestry]
  5852 | D        | Reached XP level 16. HP: 153/177 MP: 28/28
  5900 | D        | Reached skill level 25 in Fighting
  5967 | D        | Noticed a titan
  5988 | D        | Noticed a shadow dragon
  6001 | D        | Killed a titan
  6017 | D        | Noticed a shadow dragon
  6023 | D        | Reached skill level 26 in Fighting
  6025 | D        | Killed a shadow dragon
  6040 | D        | Killed a shadow dragon
  6061 | D        | Noticed an Orb Guardian
  6061 | D        | Noticed an Orb Guardian
  6090 | D        | Killed an Orb Guardian
  6092 | D        | Killed an Orb Guardian
  6151 | D        | Noticed a shadow dragon
  6151 | D        | Noticed a titan
  6151 | D        | Noticed a titan
  6151 | D        | Noticed a shadow dragon
  6159 | D        | Killed a shadow dragon
  6160 | D        | Noticed a shadow dragon
  6172 | D        | Killed a titan
  6180 | D        | Killed a titan
  6189 | D        | Killed a shadow dragon
  6200 | D        | Killed a shadow dragon
  6207 | D        | Got the Exposition on the Swarm
  6210 | D        | Got a silver rune of Zot
  6216 | D        | Identified the +5 leather armour "Capiohel" {+Inv Dex-5
                  | Slay+6}
  6243 | D        | Noticed Jory
  6264 | D        | Killed Jory
  6265 | D        | Reached skill level 27 in Fighting
  6268 | D        | Noticed Mennas
  6286 | D        | Slain by Mennas

Skill      XL: |  1  2  3  4  5  6  7  8  9 10 11 12 13 14 15 16 |
---------------+-------------------------------------------------+-----
Staves         | 5 6 7 8 10 12 | 12.1
Fighting       | 5 6 7 8 11 12 14 15 16 19 20 22 24 27 | 27.0
Invocations    | 2 10 12 14 16 17 | 17.6
Dodging        | 5 7 9 12 15 18 21 | 21.4
Maces & Flails | 4 7 11 16 17 20 23 | 23.1
Armour         | 4 7 9 12 14 18 21 | 21.2
Shields        | 10 16 | 16.0
Throwing       | |  1.7

Action                   |  1- 3 |  4- 6 |  7- 9 | 10-12 | 13-15 | 16-18 || total
-------------------------+-------+-------+-------+-------+-------+-------++-------
Melee: Quarterstaff      |    28 |     7 |       |       |       |       ||    35
       Morningstar       |       |    24 |    61 |   328 |   601 |   276 ||  1290
       Punch             |       |     1 |     1 |     5 |     5 |       ||    12
Throw: Throwing net      |       |     1 |       |     1 |     1 |     1 ||     4
       Javelin           |       |       |       |       |       |     1 ||     1
Invok: Grand Finale      |       |       |       |     1 |     2 |       ||     3
       Line Pass         |       |       |       |       |     1 |       ||     1
  Use: Potion            |     2 |     1 |     1 |     9 |     9 |     2 ||    24
       Scroll            |       |       |       |     6 |     6 |     1 ||    13
 Stab: Invisible         |       |     4 |       |       |       |       ||     4
       Paralysed         |       |     2 |     4 |    17 |    55 |    24 ||   102
       Held in net/web   |       |     1 |       |       |       |       ||     1
Armor: Leather armour    |     6 |       |       |       |       |     1 ||     7
       Scale mail        |       |     1 |    15 |    26 |       |       ||    42
       Plate armour      |       |       |       |    27 |   131 |    28 ||   186
Dodge: Dodged            |     8 |     8 |    30 |    80 |   107 |    31 ||   264
Block: Other             |     2 |     6 |    45 |   123 |    29 |       ||   205
       Kite shield       |       |       |       |       |   145 |       ||   145
       Tower shield      |       |       |       |       |   324 |   231 ||   555
       Reflection        |       |       |       |       |     3 |       ||     3

Levels and vault maps discovered:
D:        linesprint [early_d, line_temple, items_1, d_10, items_2, lair_1,
          lair_end, items_3, orc_1, orc_end, items_4, d_15, swamp_1, shoals_1,
          snake_1, spider_1, d_20, vaults_1, items_5, swamp_end, shoals_end,
          snake_end, spider_end, vaults_end, d_27, items_6, zot_1, zot_end,
          crypt_end, forest_end, elf_end, slime_end, tomb_end, abyss_end,
          pan_hell_end]
